 Dungeon Crawl Stone Soup version 0.22-a0-558-gc224181 (webtiles) character file.

548 Amnesiac the Charlatan (level 7, 0/32 HPs)
             Began as a Spriggan Artificer on June 27, 2018.
             Slain by a bullfrog skeleton (5 damage)
             ... on level 6 of the Dungeon.
             The game lasted 00:07:59 (2421 turns).

Amnesiac the Charlatan (Spriggan Artificer)         Turns: 2421, Time: 00:08:00

Health: 0/32       AC:  2    Str: 10    XL:     7   Next: 7%
Magic:  13/13      EV: 18    Int: 13    God:
Gold:   68         SH:  0    Dex: 16    Spells: 6/6 levels left

rFire    . . .     SeeInvis +   a - +0 short sword
rCold    . . .     Gourm    .   (shield restricted)
rNeg     . . .     Faith    .   b - +0 robe
rPois    .         Spirit   .   (helmet restricted)
rElec    .         Reflect  .   (no cloak)
rCorr    .         Harm     .   (gloves unavailable)
MR       +....                  (boots unavailable)
Stlth    +++.......             (no amulet)
HPRegen  0.10/turn              (no ring)
MPRegen  0.13/turn              (no ring)

@: lethally poisoned (0 -> -2), very quick
A: very small, unfitting armour, see invisible, herbivore, speed 3, slow
metabolism 2
a: no special abilities


You were on level 6 of the Dungeon.
You were not hungry.

You visited 1 branch of the dungeon, and saw 6 of its levels.

You collected 68 gold pieces.

Inventory:

Hand Weapons
 a - a +0 short sword (weapon)
Missiles
 m - a throwing net (quivered)
Armour
 b - a +0 robe (worn)
Wands
 d - a wand of enslavement (14)
Scrolls
 g - 3 scrolls of remove curse {!r}
 h - 2 scrolls of teleportation {!r}
 j - a scroll of blinking {!r}
 p - a scroll of magic mapping {!r}
Potions
 c - a potion of mutation {!q, unknown}
 e - a potion of curing {!q}
 i - a potion of brilliance {!q, unknown}
 k - a potion of degeneration {!q, unknown}
 l - a potion of lignification {!q}
 n - a potion of flight {!q}
Comestibles
 f - 6 rations


   Skills:
 - Level 0.7 Fighting
 * Level 5.1 Short Blades
 - Level 3.0 Dodging
 + Level 5.2 Stealth
 * Level 7.5 Evocations


You had 6 spell levels left.
You didn't know any spells.
Your spell library was empty.

Dungeon Overview and Level Annotations

Branches:
Dungeon (6/15)
 Temple: D:4-7

Altars:

Annotations:
D:4 3 runed doors, Duvessa; Pawles22's ghost, amateur MiMo; kirsanium's ghost, novice FoFi


Innate Abilities, Weirdness & Mutations

You are very small and have problems with some larger weapons.
You are too small for most types of armour.
You have supernaturally acute eyesight. (SInv)
You are a herbivore.
You cover ground extremely quickly.
You need to consume almost no food.


Message History

The worker ant closely misses you.
You hit the worker ant.
The worker ant is heavily wounded.
The worker ant closely misses you.
You hit the worker ant.
The worker ant is heavily wounded.
The worker ant closely misses you.
You closely miss the worker ant.
The worker ant is heavily wounded.
The worker ant closely misses you. The worker ant bites you.
You closely miss the worker ant.
The worker ant is heavily wounded.
The worker ant misses you.
You hit the worker ant.
The worker ant is severely wounded.
The worker ant barely misses you.
You hit the worker ant.
The worker ant is almost dead.
The worker ant closely misses you.
You hit the worker ant.
The worker ant is almost dead.
The worker ant bites you.
* * * LOW HITPOINT WARNING * * *
You are poisoned.
The worker ant poisons you!
You hit the worker ant.
You kill the worker ant!
You feel sick.
You barely miss the bullfrog skeleton. The bullfrog skeleton misses you. x2
You barely miss the bullfrog skeleton.
You feel sick.
The bullfrog skeleton completely misses you.
You hit the bullfrog skeleton.
The bullfrog skeleton is lightly damaged.
The bullfrog skeleton misses you.
You hit the bullfrog skeleton.
The bullfrog skeleton is moderately damaged.
The bullfrog skeleton misses you.
You hit the bullfrog skeleton.
The bullfrog skeleton is moderately damaged.
You feel sick.
The bullfrog skeleton completely misses you.
You hit the bullfrog skeleton.
The bullfrog skeleton is heavily damaged.
The bullfrog skeleton misses you.
You hit the bullfrog skeleton.
The bullfrog skeleton is severely damaged.
The bullfrog skeleton completely misses you.
You hit the bullfrog skeleton but do no damage.
The bullfrog skeleton is severely damaged.
The bullfrog skeleton hits you but does no damage.
The bullfrog skeleton closely misses you.
You hit the bullfrog skeleton.
The bullfrog skeleton is severely damaged.
You feel sick. The bullfrog skeleton hits you.
* * * LOW HITPOINT WARNING * * *
You barely miss the bullfrog skeleton.
The bullfrog skeleton is severely damaged.
The bullfrog skeleton hits you.
* * * LOW HITPOINT WARNING * * *
You are too injured to fight recklessly!
You hit the bullfrog skeleton.
The bullfrog skeleton is almost destroyed.
The bullfrog skeleton hits you.
You die...

#...#
#.......#...#
#.......#...#
#.......#...#
#.......#...##
#.......#....#
#.......#....#
#.......#....#
#......@Z...##
#.......#...#
#.......#........#
#.......#...##...#
#.......#...# ..#
#.......#...# .#
#<......#...# #
#....[..#....
#.......#...#


You could see a bullfrog skeleton.

Vanquished Creatures
  Eustachio (D:4)
  A scorpion (D:5)
  A water moccasin skeleton (D:5)
  2 crimson imps (D:5)
  A centaur skeleton (D:4)
  A hound (D:4)
  An orc wizard (D:5)
  4 worker ants
  An adder (D:6)
  An adder skeleton (D:5)
  A worm (D:4)
  A leopard gecko (D:1)
  4 orcs
  2 giant cockroaches
  A hobgoblin (D:1)
  3 jackals (D:5)
  A quokka (D:3)
  A ball python (D:4)
  2 kobolds
  A leopard gecko skeleton (D:4)
31 creatures vanquished.

Vanquished Creatures (collateral kills)
  A crimson imp (D:4)
  An orc (D:4)
  3 jackals (D:4)
5 creatures vanquished.

Grand Total: 36 creatures vanquished

Notes
Turn   | Place    | Note
-------+----------+-------------------------------------------
     0 | D:1      | Amnesiac the Spriggan Artificer began the quest for the Orb.
     0 | D:1      | Reached XP level 1. HP: 9/9 MP: 4/4
   171 | D:3      | Reached XP level 2. HP: 13/14 MP: 6/6
   260 | D:4      | Noticed an ogre
   430 | D:4      | Noticed a crimson imp
   438 | D:4      | Noticed Eustachio
   500 | D:5      | Entered Level 5 of the Dungeon
   500 | D:5      | Noticed a scorpion
   500 | D:5      | Noticed a crimson imp
   512 | D:5      | Killed a scorpion
   512 | D:5      | Reached skill level 5 in Evocations
   512 | D:5      | Reached XP level 3. HP: 12/17 MP: 7/7
   644 | D:5      | Reached XP level 4. HP: 8/21 MP: 7/9
   655 | D:5      | Reached XP level 5. HP: 6/25 MP: 7/10
   663 | D:5      | Reached skill level 6 in Evocations
  1496 | D:4      | Noticed Duvessa
  1511 | D:4      | Reached XP level 6. HP: 28/29 MP: 11/11
  1525 | D:4      | Found a runed gate.
  1525 | D:4      | Found a runed gate.
  1525 | D:4      | Found a runed gate.
  1525 | D:4      | Noticed kirsanium's ghost (novice FoFi)
  1526 | D:4      | Noticed Pawles22's ghost (amateur MiMo)
  1570 | D:4      | Killed Eustachio
  1570 | D:4      | Reached skill level 7 in Evocations
  2025 | D:4      | Reached skill level 5 in Stealth
  2033 | D:4      | Reached skill level 5 in Short Blades
  2042 | D:4      | HP: 1/29 [crimson imp (3)]
  2345 | D:5      | Reached XP level 7. HP: 28/32 MP: 13/13
  2421 | D:6      | Slain by a bullfrog skeleton

Vault maps used:
D:1:      ncdulo_watergridlock
D:3:      grunt_temple_overflow_open
D:4:      gammafunk_ghost_cemetery, first_ration, uniq_duvessa, uniq_eustachio
D:5:      cheibrodos_quashed, kennysheep_generic_room_5
D:6:      minmay_temple_entry_butterflies

Skill      XL: |  1  2  3  4  5  6 |
---------------+-------------------+-----
Short Blades   | 2 3 4 5 |  5.1
Stealth        | 2 3 4 5 |  5.2
Evocations     | 5 6 7 |  7.5
Fighting       | |  0.7
Dodging        | |  3.0

Action                   |  1- 3 |  4- 6 |  7- 9 || total
-------------------------+-------+-------+-------++-------
Melee: Short sword       |    27 |   127 |    40 ||   194
Evoke: Wand              |     7 |    24 |       ||    31
  Use: Potion            |     2 |     1 |       ||     3
       Scroll            |       |     6 |       ||     6
 Stab: Sleeping          |     1 |       |       ||     1
       Paralysed         |       |     3 |       ||     3
       Confused          |       |     4 |       ||     4
Armor: Robe              |     3 |     9 |     4 ||    16
Dodge: Dodged            |    43 |   138 |    32 ||   213

Table legend:
 A = Spawn XP
 B = Non-spawn XP
 C = Spawn XP percentage of total XP
 D = Spawn monster count
 E = Non-spawn monster count
 F = Spawn count percentage of total count
 G = Total turns spent on level
                    A         B        C        D         E        F      G
               +---------+---------+-------+---------+---------+-------+---------
         Total |       0 |     783 |   0.0 |       0 |      36 |   0.0 |  2421
               +---------+---------+-------+---------+---------+-------+---------
           D:1 |       0 |       6 |   0.0 |       0 |       3 |   0.0 |    63
           D:3 |       0 |       6 |   0.0 |       0 |       3 |   0.0 |   537
           D:4 |       0 |     355 |   0.0 |       0 |      14 |   0.0 |   654
           D:5 |       0 |     368 |   0.0 |       0 |      14 |   0.0 |  1093
           D:6 |       0 |      48 |   0.0 |       0 |       2 |   0.0 |    57
               +---------+---------+-------+---------+---------+-------+---------
